 Dungeon Crawl Stone Soup version 0.27-a0-604-g29a88b33a7 (webtiles) character file.

Game seed: 16646615857037595115

2153 srzhan31 the Conjurer (level 9, -4/52 HPs)
             Began as a Gargoyle Conjurer on Mar 12, 2021.
             Was a Follower of Vehumet.
             Shot with a sling bullet by Joseph (14 damage)
             ... on level 7 of the Dungeon.
             The game lasted 00:13:33 (7335 turns).

srzhan31 the Conjurer (Gargoyle Conjurer)           Turns: 7335, Time: 00:13:33

Health: -4/52      AC:  9    Str: 11    XL:     9   Next: 31%
Magic:  3/18       EV: 12    Int: 22    God:    Vehumet [*.....]
Gold:   464        SH:  4    Dex:  8    Spells: 12/20 levels left

rFire    . . .     SeeInvis .   l - +1 whip (venom)
rCold    . . .     Faith    .   j - +0 buckler
rNeg     + . .     Spirit   .   a - +0 robe
rPois    ∞         Reflect  .   (no helmet)
rElec    +         Harm     .   v - +0 cloak
rCorr    .         Rampage  .   (no gloves)
Will     .....                  (no boots)
Stlth    ++........             (no amulet)
HPRegen  0.17/turn              (no ring)
MPRegen  0.16/turn              (no ring)

@: no status effects
A: negative energy resistance 1, electricity resistance, torment resistance 1,
unbreathing 1, petrification resistance, AC +6
a: Renounce Religion


You were on level 7 of the Dungeon.
You worshipped Vehumet.
Vehumet was aware of your devotion.
You visited 2 branches of the dungeon, and saw 8 of its levels.

You collected 464 gold pieces.

Inventory:

Hand Weapons
 c - a +2 dagger of venom
 l - a +1 whip of venom (weapon)
Missiles
 e - 31 bolts
Armour
 a - a +0 robe (worn)
 j - a +0 buckler (worn)
 v - a +0 cloak (worn)
Wands
 p - a wand of flame (8)
 q - a wand of polymorph (6)
 w - a wand of random effects (19)
 x - a wand of digging (7)
 y - a wand of iceblast (10)
Scrolls
 b - 5 scrolls of teleportation {unknown}
 d - 4 scrolls of immolation {unknown}
 f - 2 scrolls of enchant weapon {unknown}
 g - a scroll of random uselessness {unknown}
 i - 9 scrolls of identify {unknown}
 k - 3 scrolls of noise {unknown}
 n - 2 scrolls of enchant armour {unknown}
 s - a scroll of magic mapping {unknown}
 u - a scroll of amnesia {unknown}
Potions
 h - a potion of ambrosia {unknown}
 m - a potion of magic {unknown}
 o - 5 potions of curing {unknown}
 r - 2 potions of berserk rage {unknown}
 t - a potion of might {unknown}


   Skills:
 * Level 4.0 Fighting
 * Level 4.1 Armour
 * Level 3.6 Dodging
 - Level 2.2 Stealth
 * Level 4.0 Shields
 * Level 6.0 Spellcasting
 + Level 7.2 Conjurations
 * Level 3.2 Translocations


You had 12 spell levels left.
You knew the following spells:

 Your Spells              Type           Power      Damage    Failure   Level
a - Magic Dart            Conj           100%       1d8       1%          1
b - Searing Ray           Conj           76%        3d6       1%          2
c - Freeze                Ice            24%        1d5       9%          1
d - Iskenderun's Mystic   Conj/Tloc      29%        2d7       11%         4

Your spell library contained the following spells:

 Spells                   Type           Power      Damage    Failure   Level
 Shock                    Conj/Air       88%        1d8       1%          1
 Dazzling Flash           Conj/Hex       44%        N/A       6%          3
 Static Discharge         Conj/Air       22%        N/A       6%          3
 Swiftness                Air            6%         N/A       14%         2
 Fulminant Prism          Conj/Hex       11%        3d9       21%         4
 Lightning Bolt           Conj/Air       11%        1d24      50%         5
 Airstrike                Air            3%         N/A       65%         4


Dungeon Overview and Level Annotations

Branches:
Dungeon (7/15)             Temple (1/1) D:6

Altars:
Ashenzari
Cheibriados
Dithmenos
Elyvilon
Fedhas
Hepliaklqana
Makhleb
Qazlal
Sif Muna
Uskayaw
Vehumet
Xom
Yredelemnul

Annotations:
D:7 Joseph


Innate Abilities, Weirdness & Mutations

Your stone body is resilient. (AC +6)
You are immune to poison.
You resist negative energy. (rN+)
You are resistant to electric shocks. (rElec)
You are resistant to unholy torment.
You can survive without breathing.
You are immune to petrification.


Message History

The phantom is heavily damaged. (Press . to maintain the ray.)
The searing ray hits the phantom!
The phantom is almost destroyed.
The phantom hits you.
The searing ray hits the phantom!
You destroy the phantom!
Vehumet accepts your kill.
Something unseen opens the door.
Joseph, a Mercenary comes into view.
He is wielding a +0 spectral quarterstaff and carrying a wand of iceblast (2).
Casting: Searing Ray (safe; 1% risk of failure)
Confirm with . or Enter, or press ? or * to list all spells.
Aiming: Searing Ray (safe; 1% risk of failure)
Press: ? - help, Shift-Dir - straight line, f - Joseph
Aim: Joseph, wielding a +0 spectral quarterstaff, wearing a +0 leather armour, quivering sling bullets and carrying a wand of iceblast (2) (wandering, hasn't noticed you, 19% to evade)
The searing ray hits Joseph!
Joseph is lightly wounded.
Joseph shouts! (Press . to maintain the ray.)
Something shouts, "Get thee hence, thou warped shard-borne wastrel!"
Joseph unwields a +0 spectral quarterstaff.
Joseph wields a +0 hunting sling.
Joseph shoots a sling bullet.
The sling bullet hits you!
The searing ray hits Joseph!
Joseph is heavily wounded.
Joseph shoots a sling bullet.
The sling bullet hits you!
A white imp comes into view.
The searing ray hits Joseph!
Joseph is heavily wounded.
Joseph zaps a wand.
The mass of ice explodes!
The iceblast engulfs you!
You hear a shout!
The searing ray misses Joseph.
You finish channeling your searing ray.
Joseph shoots a sling bullet.
The sling bullet hits you!
* * * LOW HITPOINT WARNING * * *
Joseph shoots a sling bullet.
The sling bullet hits you.
* * * LOW HITPOINT WARNING * * *
You see here a +0 giant club.
Joseph shoots a sling bullet.
You block the sling bullet.
Joseph shoots a sling bullet.
The sling bullet hits you!
You die...

#....# #....#
#....#
########...# .
##.....####'# #'#
#......##...##...#
#?................
#......@5.........
##@....##.........
#.#######...###...
#. #@..# ### ##
'....# .#....#
.#....# . #....#


You could see Joseph and a white imp.

Vanquished Creatures
  Grinder (D:3)
  An orc warrior (D:6)
  3 ice beasts
  A sky beast (D:6)
  3 ogres
  2 centaurs
  A phantom (D:7)
  2 bullfrogs
  A scorpion (D:5)
  4 hounds
  A centaur skeleton (D:6)
  2 orc priests
  5 orc wizards
  Natasha (thrice) (D:3)
  5 worker ants
  2 iguanas (D:6)
  2 killer bee zombies
  10 adders
  A shadow imp (D:6)
  A white imp (D:5)
  An ufetubus (D:7)
  2 oozes
  An adder skeleton (D:6)
  An adder zombie (D:6)
  2 worms
  3 dart slugs
  4 leopard geckos
  16 orcs
  7 bats
  2 giant cockroaches
  13 goblins
  4 hobgoblins
  8 jackals
  A quokka (D:3)
  A ball python (D:2)
  7 frilled lizards
  3 kobolds
  8 rats
135 creatures vanquished.

Notes
Turn   | Place    | Note
-------+----------+-------------------------------------------
     0 | D:1      | srzhan31 the Gargoyle Conjurer began the quest for the Orb.
     0 | D:1      | Reached XP level 1. HP: 10/10 MP: 3/3
   534 | D:1      | Reached XP level 2. HP: 13/15 MP: 0/5
   537 | D:1      | Learned a level 2 spell: Searing Ray
   872 | D:1      | Reached XP level 3. HP: 20/20 MP: 3/6
  1296 | D:2      | Reached skill level 5 in Conjurations
  1305 | D:2      | Reached skill level 1 in Fighting
  1465 | D:2      | Found a shadowy altar of Dithmenos.
  1647 | D:2      | Reached skill level 1 in Armour
  1669 | D:2      | Reached XP level 4. HP: 23/25 MP: 2/7
  2058 | D:3      | Noticed Grinder
  2080 | D:3      | Paralysed by Grinder for 2 turns
  2088 | D:3      | Paralysed by Grinder for 6 turns
  2104 | D:3      | Killed Grinder
  2105 | D:3      | Reached skill level 1 in Shields
  2105 | D:3      | Reached skill level 1 in Translocations
  2105 | D:3      | Reached XP level 5. HP: 12/30 MP: 0/9
  2105 | D:3      | Reached XP level 6. HP: 14/35 MP: 0/10
  2593 | D:3      | Found a hide-covered altar of Uskayaw.
  2642 | D:3      | Noticed Natasha
  2647 | D:3      | Killed Natasha
  3095 | D:3      | Noticed Natasha
  3100 | D:3      | Killed Natasha
  3399 | D:3      | Noticed Natasha
  3401 | D:3      | Killed Natasha
  4075 | D:4      | Reached XP level 7. HP: 40/40 MP: 5/12
  4588 | D:4      | Reached skill level 6 in Conjurations
  4772 | D:5      | Entered Level 5 of the Dungeon
  5409 | D:5      | Reached XP level 8. HP: 45/45 MP: 10/14
  5754 | D:6      | Found a snail-covered altar of Cheibriados.
  6063 | D:6      | Found a staircase to the Ecumenical Temple.
  6067 | Temple   | Entered the Ecumenical Temple
  6207 | Temple   | Became a worshipper of Vehumet
  6619 | D:6      | Reached skill level 5 in Spellcasting
  6730 | D:6      | Reached * piety under Vehumet
  6730 | D:6      | Offered knowledge of Freeze by Vehumet.
  6734 | D:6      | Learned a level 1 spell: Freeze
  6739 | D:6      | Learned a level 4 spell: Iskenderun's Mystic Blast
  6756 | D:6      | Reached XP level 9. HP: 52/52 MP: 5/17
  6955 | D:6      | Reached skill level 7 in Conjurations
  7119 | D:7      | Found a shimmering blue altar of Sif Muna.
  7323 | D:7      | Noticed Joseph
  7335 | D:7      | Shot with a sling bullet by Joseph

Illustrated notes

Levels and vault maps discovered:
D:1:      minmay_arrival_wavy_path, layout_rooms
D:2:      cheibrodos_helix_gallery, layout_basic,
          grunt_dithmenos_smoke_and_mirrors, grunt_decor_one_mirror
D:3:      layout_loops_corners, overflow_temple_1_default, fountainhead,
          uniq_natasha, uniq_grinder
D:4:      layout_basic
D:5:      layout_basic
D:6:      layout_basic, cheibriados_altar_1, minmay_temple_entry_glassed_door,
          nrook_loot_triangle
D:7:      layout_gridville, led_sif_book, kennysheep_vampire_church, uniq_joseph
Temple:   minmay_temple_curvy_loop

Skill      XL: |  1  2  3  4  5  6  7  8  9 |
---------------+----------------------------+-----
Conjurations   | 5 6 7 |  7.2
Fighting       | 1 2 3 4 |  4.0
Armour         | 1 2 3 4 |  4.1
Dodging        | 2 3 |  3.6
Shields        | 1 2 3 4 |  4.0
Spellcasting   | 3 4 5 6 |  6.0
Translocations | 1 2 3 |  3.2
Stealth        | |  2.2

Action                   |  1- 3 |  4- 6 |  7- 9 || total
-------------------------+-------+-------+-------++-------
Melee: Mace              |    13 |       |       ||    13
       Whip              |     6 |     3 |    18 ||    27
 Cast: Magic Dart        |    15 |     5 |       ||    20
       Searing Ray       |    25 |    27 |    51 ||   103
Armor: Robe              |    23 |     2 |    29 ||    54
Dodge: Dodged            |    37 |     5 |    38 ||    80
Block: Buckler           |       |       |     1 ||     1

Table legend: (Time is in decaauts)
 A = Elapsed time spent in this place.
 B = Non-inter-level travel time spent in this place.
 C = Inter-level travel time spent in this place.
 D = Time resting spent in this place.
 E = Time spent auto-exploring this place.
 F = Levels seen in this place.
 G = Mean time per level.
                   A        B        C        D        E       F      G
               +--------+--------+--------+--------+--------+-----+--------+
         Total |   7350 |   7166 |    184 |      0 |   6012 |   8 |  918.8 |
       Dungeon |   7195 |   7011 |    184 |      0 |   5878 |   7 | 1027.9 |
        Temple |    154 |    154 |      0 |      0 |    134 |   1 |  154.0 |
               +--------+--------+--------+--------+--------+-----+--------+

Top non-repeatable levels by time:
     D:3: 1569 daAuts
     D:6: 1237 daAuts
     D:1: 1237 daAuts
     D:4: 1210 daAuts
     D:5: 955 daAuts
     D:2: 768 daAuts
     D:7: 216 daAuts
  Temple: 154 daAuts
